 Dungeon Crawl Stone Soup version 0.21.1-1-g345015f (webtiles) character file.

543 rz the Digger (level 7, -2/36 HPs)
             Began as a Gargoyle Earth Elementalist on Apr 9, 2018.
             Slain by an orc
             ... wielding a +0 trident
              (5 damage)
             ... on level 5 of the Dungeon.
             The game lasted 00:10:48 (5535 turns).

rz the Digger (Gargoyle Earth Elementalist)         Turns: 5535, Time: 00:10:49

Health: -2/36      AC:  8    Str: 11    XL:     7   Next: 27%
Magic:  9/14       EV: 12    Int: 18    God:
Gold:   188        SH:  0    Dex: 10    Spells: 7/16 levels left

rFire    . . .     SeeInvis .   G - +4 Vampire's Tooth {vamp}
rCold    . . .     Gourm    .   (no shield)
rNeg     + . .     Faith    .   c - +0 robe
rPois    ∞         Spirit   .   f - +0 helmet
rElec    +         Reflect  .   (no cloak)
rCorr    .         Harm     .   (no gloves)
MR       .....                  C - +0 pair of boots
Stlth    ++........             (no amulet)
HPRegen  0.12/turn              (no ring)
MPRegen  0.14/turn              (no ring)

@: no status effects
A: negative energy resistance 1, electricity resistance, unbreathing,
petrification resistance, rot immunity, AC +4
a: no special abilities


You were on level 5 of the Dungeon.
You were not hungry.

You visited 1 branch of the dungeon, and saw 5 of its levels.

You collected 188 gold pieces.

Inventory:

Hand Weapons
 h - a +0 short sword
 l - a +2 vampiric dagger
 G - the +4 Vampire's Tooth (weapon) {vamp}
   (You found it on level 5 of the Dungeon)

   It inflicts no extra harm, but heals its wielder when it wounds a living foe.
Missiles
 b - 70 stones (quivered)
Armour
 c - a +0 robe (worn)
 f - a +0 helmet (worn)
 u - a +0 buckler
 C - a +0 pair of boots (worn)
Jewellery
 y - an uncursed amulet of harm
 B - an uncursed ring of see invisible {unknown}
Wands
 v - a wand of iceblast (9)
Scrolls
 a - a scroll of fear {unknown}
 g - 4 scrolls of identify
 m - 2 scrolls of immolation {unknown}
 n - a scroll of magic mapping {unknown}
 q - 2 scrolls of remove curse {unknown}
 r - a scroll of random uselessness {unknown}
 x - a scroll of amnesia {unknown}
 F - a scroll of teleportation {unknown}
Potions
 i - a potion of lignification {unknown}
 j - 3 potions of resistance {unknown}
 k - a potion of flight {unknown}
 o - 4 potions of brilliance {unknown}
 p - 2 potions of agility {unknown}
 s - 2 potions of curing
 t - a potion of ambrosia {unknown}
 z - a potion of might {unknown}
 A - a potion of haste {unknown}
 D - a potion of mutation {unknown}
 E - a potion of heal wounds {unknown}
Books
 e - a book of Geomancy

   Spells                             Type                      Level
   a - Sandblast                      Earth                        1
   b - Passwall                       Transmutation/Earth          2
   c - Stone Arrow                    Conjuration/Earth            3
   d - Petrify                        Transmutation/Earth          4
   e - Lee's Rapid Deconstruction     Earth                        5
 w - a book of Misfortune

   Spells                             Type                      Level
   a - Confusing Touch                Hexes                        1
   b - Confuse                        Hexes                        3
   c - Gell's Gravitas                Translocation                3
   d - Petrify                        Transmutation/Earth          4
   e - Metabolic Englaciation         Hexes/Ice                    5
   f - Yara's Violent Unravelling     Hexes/Transmutation          5
Comestibles
 d - 5 rations
 H - 2 chunks of flesh


   Skills:
 - Level 1.5 Dodging
 - Level 2.1 Stealth
 + Level 5.2 Spellcasting
   Level 0.7 Transmutations
 + Level 7.3 Earth Magic


You had 7 spell levels left.
You knew the following spells:

 Your Spells              Type           Power        Failure   Level  Hunger
a - Sandblast             Erth           ####..       1%          1    None
b - Stone Arrow           Conj/Erth      ###...       9%          3    ##.....
c - Lee's Rapid Deconstr  Erth           ####......   17%         5    ######.


Dungeon Overview and Level Annotations

Branches:
Dungeon (5/15)
 Temple: D:4-7

Altars:
Cheibriados
Hepliaklqana
Makhleb
Nemelex Xobeh
The Shining One


Innate Abilities, Weirdness & Mutations

You are resistant to torment.
Your stone body is resilient. (AC +4)
You are immune to poison.
You resist negative energy. (rN+)
You are resistant to electric shocks. (rElec)
You can survive without breathing.
You are immune to petrification.
You are immune to rotting.


Message History

The orc barely misses you.
Casting: Sandblast
Confirm with . or Enter, or press ? or * to list all spells.
Aiming: Sandblast
Press: ? - help, Shift-Dir - straight line, f/p - orc
Aim: an orc, wielding a trident and wearing a chain mail (heavily wounded)
The blast of sand hits the orc priest.
The orc priest is almost dead.
b - 70 stones The orc priest calls down the wrath of Beogh upon you.
Beogh smites you!
* * * LOW HITPOINT WARNING * * *
The orc hits you from afar with a trident.
* * * LOW HITPOINT WARNING * * *
You barely miss the orc priest.
The orc priest is almost dead.
The orc priest calls down the wrath of Beogh upon you.
You are unaffected.
The orc hits you from afar with a trident.
You die...

#.#.#.#.###
#.#.....#
#.....)##
#.#
####.###
#.# ####.#
#.# #....#
#.# #.####
#.# #.# #.#
#@#
########.#
#o#
........<.


oo. ######.## ##.## #.# #.# #.# #.# #># #.# #.## #.# #.## #.## You could see an
orc priest and 2 orcs.

Vanquished Creatures
  An ogre (D:4)
  2 scorpions
  2 vampire bats (D:5)
  A hound (D:2)
  A worker ant (D:4)
  A hound skeleton (D:4)
  Robin (D:3)
  8 adders
  2 oozes
  2 adder skeletons (D:5)
  8 worms
  A dart slug (D:2)
  4 leopard geckos
  4 orcs
  7 bats
  3 giant cockroaches
  18 goblins
  6 hobgoblins
  3 jackals (D:3)
  A quokka (D:3)
  3 ball pythons
  3 frilled lizards
  5 kobolds
  5 rats
92 creatures vanquished.

Notes
Turn   | Place    | Note
-------+----------+-------------------------------------------
     0 | D:1      | rz the Gargoyle Earth Elementalist began the quest for the Orb.
     0 | D:1      | Reached XP level 1. HP: 10/10 MP: 3/3
   404 | D:1      | Found a sparkling altar of Nemelex Xobeh.
   444 | D:1      | Reached XP level 2. HP: 12/15 MP: 3/5
   489 | D:1      | Reached skill level 4 in Earth Magic
  1143 | D:2      | Found a snail-covered altar of Cheibriados.
  1161 | D:2      | Reached XP level 3. HP: 10/19 MP: 1/7
  1851 | D:2      | Reached skill level 5 in Earth Magic
  1851 | D:2      | Reached XP level 4. HP: 15/24 MP: 1/8
  2080 | D:2      | Found a burning altar of Makhleb.
  2109 | D:3      | Noticed Robin
  2381 | D:3      | Killed Robin
  2381 | D:3      | Reached XP level 5. HP: 26/28 MP: 5/10
  2477 | D:3      | Learned a level 3 spell: Stone Arrow
  2483 | D:3      | Learned a level 5 spell: Lee's Rapid Deconstruction
  2945 | D:3      | Found a glowing golden altar of the Shining One.
  3597 | D:3      | Reached skill level 6 in Earth Magic
  3989 | D:4      | Noticed an ogre
  4007 | D:3      | Reached XP level 6. HP: 16/32 MP: 0/12
  4574 | D:4      | Reached skill level 7 in Earth Magic
  4574 | D:4      | Reached XP level 7. HP: 36/36 MP: 0/14
  4978 | D:4      | Found a hazy altar of Hepliaklqana.
  5207 | D:5      | Entered Level 5 of the Dungeon
  5340 | D:5      | Reached skill level 5 in Spellcasting
  5410 | D:5      | Found the +4 Vampire's Tooth {vamp}
  5535 | D:5      | Slain by an orc

Skill      XL: |  1  2  3  4  5  6  7 |
---------------+----------------------+-----
Earth Magic    | 4 5 6 7 |  7.3
Spellcasting   | 3 4 5 |  5.2
Dodging        | |  1.5
Stealth        | |  2.1
Transmutations | |  0.7

Action                   |  1- 3 |  4- 6 |  7- 9 || total
-------------------------+-------+-------+-------++-------
Melee: Unarmed           |    12 |       |       ||    12
       Short sword       |    43 |       |       ||    43
       Dagger            |    17 |   134 |    33 ||   184
 Cast: Sandblast         |    28 |    33 |     8 ||    69
       Stone Arrow       |       |    24 |    10 ||    34
  Use: Scroll            |       |     1 |       ||     1
 Stab: Sleeping          |     2 |     3 |     1 ||     6
  Eat: Chunk             |     2 |     6 |     3 ||    11
       Ration            |     2 |     1 |     2 ||     5
Armor: Robe              |    42 |    62 |    19 ||   123
Dodge: Dodged            |    62 |   124 |    34 ||   220
